 Dungeon Crawl Stone Soup version 0.31-a0-1206-g41278d8d1d (webtiles) character file.

Game seed: 13398218086688278297

7648 BubbleThief the Mimic (level 11, -20/93 HPs)
             Began as a Merfolk Shapeshifter on Dec 14, 2023.
             Was a Priest of Wu Jian.
             Demolished by a cane toad (22 damage)
             ... on level 1 of the Lair of Beasts.
             The game lasted 00:14:49 (8704 turns).

BubbleThief the Mimic (Merfolk Shapeshifter)        Turns: 8704, Time: 00:14:49

Health: -20/93     AC:  6    Str: 24    XL:     11   Next: 18%
Magic:  11/11      EV: 13    Int: 10    God:    Wu Jian [***...]
Gold:   595        SH:  0    Dex: 20    Spells: 10/10 levels left

rFire   . .          .
                       - Unarmed
rCold   . . .        (no shield)
rNeg    . . .        a - melded +1 animal skin
rPois   .            m - +2 helmet
rElec   .            v - +0 cloak {rCorr}
rCorr   +            y - +0 pair of gloves
SInv    .            B - +0 pair of boots
Will    .....        (no amulet)
Stlth   ++           o - +6 ring of dexterity
HPRegen 0.35/turn    j - +6 ring of strength
MPRegen 0.12/turn

%: no passive effects
@: lethally poisoned (-20 -> -38), maw-form
A: devouring maw, (nimble swimmer 2), mertail
a: Begin Untransformation, Renounce Religion, Wall Jump, Serpent's Lash


You were on level 1 of the Lair of Beasts.
You worshipped Wu Jian.
Wu Jian was most pleased with you.
You were a creature with a mouth for a stomach.
You visited 3 branches of the dungeon, and saw 11 of its levels.
You also visited: Sewer.

You collected 650 gold pieces.
You spent 55 gold pieces at shops.

Inventory:

Armour
 a - a +1 animal skin (melded)
 m - a +2 helmet (worn)
 v - a +0 cloak of preservation (worn)
 y - a +0 pair of gloves (worn)
 B - a +0 pair of boots (worn)
Jewellery
 j - a +6 ring of strength (right hand)
 o - a +6 ring of dexterity (left hand)
 A - the ring "Janecink" {rPois rC- rCorr EV+5 Stlth+}
   (You found it on level 7 of the Dungeon)

   [ring of evasion]

   EV+5:      It affects your evasion (+5).
   rC-:       It makes you vulnerable to cold.
   rPois:     It protects you from poison rCorr: It protects you from acid and
   corrosion.
   Stlth+:    It makes you more stealthy.
Talismans
 c - a beast talisman
 d - a flux talisman
 n - a maw talisman (active)
Wands
 p - a wand of flame (39)
 I - a wand of charming (2)
Scrolls
 f - 3 scrolls of enchant armour
 i - 2 scrolls of identify
 k - a scroll of acquirement {unknown}
 l - 2 scrolls of brand weapon {unknown}
 r - 2 scrolls of revelation
 x - 4 scrolls of fear {unknown}
 D - 2 scrolls of teleportation
 E - a scroll of amnesia
 H - a scroll of poison
 J - a scroll of summoning {unknown}
Potions
 b - 3 potions of lignification
 e - 3 potions of attraction
 q - 2 potions of heal wounds
 s - a potion of might
 t - 2 potions of mutation
 u - a potion of magic
 w - 2 potions of haste
 z - 2 potions of enlightenment
 C - a potion of invisibility
 F - a potion of ambrosia
 G - a potion of berserk rage


   Skills:
 + Level 11.0 Fighting
 - Level 2.6 Dodging
 + Level 11.3 Unarmed Combat
 + Level 12.1 Shapeshifting


You had 10 spell levels left.
You didn't know any spells.
Your spell library contained the following spells:

 Spells                   Type           Power      Damage    Failure   Level
 Magic Dart               Conj           0%         1d3       36%         1
 Call Imp                 Summ           0%         N/A       50%         2
 Static Discharge         Conj/Air       0%         3-3/arc   50%         2
 Dazzling Flash           Conj/Hex       0%         N/A       75%         3
 Gell's Gravitas          Tloc           0%         N/A       75%         3
 Mephitic Cloud           Conj/Pois/Air  0%         N/A       75%         3
 Teleport Other           Tloc           0%         N/A       75%         3
 Volatile Blastmotes      Fire/Tloc      0%         2d10      75%         3
 Airstrike                Air            0%         2d(0-16)  98%         4
 Summon Lightning Spire   Summ/Air       0%         N/A       98%         4
 Vhi's Electric Charge    Tloc/Air       0%         N/A       98%         4
 Arcjolt                  Conj/Air       0%         1d10      100%        5
 Dispersal                Tloc           0%         N/A       100%        6
 Plasma Beam              Fire/Air       0%         2x1d10    100%        6
 Starburst                Conj/Fire      0%         6d3       100%        6
 Maxwell's Capacitive Co  Air            0%         ∞         100%        8


Dungeon Overview and Level Annotations

Branches:
Dungeon (9/15)             Temple (1/1) D:4            Lair (1/5) D:8
    Orc (0/2) D:9           Sewer (visited)

Altars:
Ashenzari
Cheibriados
Dithmenos
Elyvilon
Fedhas
Gozag
Hepliaklqana
Kikubaaqudgha
Makhleb
Nemelex Xobeh
Okawaru
Qazlal
Ru
Sif Muna
Trog
Uskayaw
Vehumet
Wu Jian
Yredelemnul
Zin
The Shining One

Shops:
D:1 =*(!(   D:3 *   D:9 [

Annotations:
D:8 1 runed translucent door, ytrimaz's ghost, novice OpSh


Innate Abilities, Weirdness & Mutations

You are a creature with a mouth for a stomach.
Your midsection houses a second, enormous mouth.
((You are very nimble when in or above water. (Stealth+, EV+, Speed+++)))
Your lower body shifts to a powerful aquatic tail in water.


Message History

You are poisoned.
The cane toad poisons you! The water moccasin bites you.
The wolf bites you but does no damage. The cane toad closely misses you.
Unknown command.
Unknown command.
You hit the cane toad.
You bite the cane toad, but do no damage.
The cane toad is lightly wounded.
You feel very sick. The water moccasin bites you.
* * * LOW HITPOINT WARNING * * *
The wolf misses you. The cane toad closely misses you.
You hit the cane toad but do no damage. You bite the cane toad!
The cane toad is moderately wounded.
You feel sick. The wolf bites you but does no damage.
The water moccasin bites you.
* * * LOW HITPOINT WARNING * * *
The wolf bites you.
* * * LOW HITPOINT WARNING * * *
You hit the cane toad. Your bite misses the cane toad.
The cane toad is moderately wounded.
You feel sick. The water moccasin bites you.
* * * LOW HITPOINT WARNING * * *
You are lethally poisoned!
The water moccasin poisons you!
The cane toad stings you but does no damage.
The wolf bites you!
* * * LOW HITPOINT WARNING * * *
Unknown command.
You feel much better.
* * * LOW HITPOINT WARNING * * *
You feel very sick.
The water moccasin bites you but does no damage.
The cane toad stings you but does no damage.
The wolf bites you.
* * * LOW HITPOINT WARNING * * *
The water moccasin bites you!
* * * LOW HITPOINT WARNING * * *
The wolf bites you but does no damage. The cane toad stings you!!
You die...

#.. .. #.. .. #......
#####..#.#####.P##..#...
........................
........................
..........^ ...........
......SFh# ###.........
#.....W.####..........>
#......................
#...........##.....#.##
+.........#..##.....#...
##...........##.........
#.......P#..##....)#...
#........#..##.....#...
..........# .#..........
#P.......## ##.....#...


You could see a cane toad, a water moccasin and a wolf.

Vanquished Creatures
  3 two-headed ogres
  A boulder beetle (Lair:1)
  Pikel (D:5)
  A troll (D:9)
  Sigmund (D:2)
  3 yaks (D:9)
  2 wraiths (D:9)
  An acid dragon (D:9)
  4 orc warriors
  2 black bears
  Duvessa (D:6)
  An ice beast (D:7)
  3 ogres
  A crocodile (Sewer)
  3 wolves (Lair:1)
  A centaur (D:5)
  A phantom (D:7)
  2 kobold brigands (D:8)
  A lemure (D:5)
  4 bullfrogs
  2 scorpions
  4 wights (D:8)
  Dowan (D:6)
  3 howler monkeys (D:8)
  4 hounds
  Crazy Yiuf (D:2)
  11 orc priests
  4 jellies
  3 sleepcaps
  3 iguanas
  5 orc wizards
  12 gnolls
  9 adders
  2 river rats (D:4)
  4 shadow imps
  A white imp (D:7)
  4 ufetubi
  6 worms
  A dart slug (D:3)
  46 orcs
  6 ball pythons
  8 endoplasms
  5 giant cockroaches
  7 hobgoblins
  6 jackals
  4 quokkas
  7 bats
  3 frilled lizards (D:1)
  10 goblins
  17 kobolds
  11 rats
247 creatures vanquished.

Vanquished Creatures (others)
  An orc wizard (D:8)
1 creature vanquished.

Grand Total: 248 creatures vanquished

Notes
Turn   | Place    | Note
-------+----------+-------------------------------------------
     0 | D:1      | BubbleThief the Merfolk Shapeshifter began the quest for
                  | the Orb.
     0 | D:1      | Reached XP level 1. HP: 15/15 MP: 1/1
    18 | D:1      | Found Gevuikk's Antique Weapon Emporium.
    74 | D:1      | Reached XP level 2. HP: 5/22 MP: 2/2
   209 | D:1      | Found Damem's Assorted Antiques.
   238 | D:1      | Found Cuiguedgh's Jewellery Shoppe.
   380 | D:1      | Reached XP level 3. HP: 25/28 MP: 3/3
   474 | D:1      | Found Ful Tyel's Distillery.
   484 | D:1      | Bought a potion of curing for 30 gold pieces
   516 | D:1      | Found Ceipramm's Antique Weapon Emporium.
   620 | D:1      | Bought a sedimented amethyst potion for 25 gold pieces
  1059 | D:2      | Found a runed translucent door.
  1060 | D:2      | Noticed Crazy Yiuf
  1353 | D:2      | Noticed Sigmund
  1517 | D:3      | Found Zin's Purification Station.
  1520 | D:3      | Found a glowing silver altar of Zin.
  1545 | D:3      | Reached XP level 4. HP: 29/34 MP: 4/4
  1721 | D:3      | Reached XP level 5. HP: 14/41 MP: 5/5
  1724 | D:3      | HP: 2/41 [orc priest/divine providence (12)]
  2042 | D:3      | Identified the +1 flail of the Hummingbird {freeze, rPois
                  | rC- Will++}
  2255 | D:4      | Found a staircase to the Ecumenical Temple.
  2284 | D:4      | Reached skill level 5 in Unarmed Combat
  2284 | D:4      | Reached skill level 5 in Shapeshifting
  2307 | D:4      | Found a glowing drain.
  2315 | Sewer    | Entered a sewer
  2457 | Sewer    | Noticed a crocodile
  2463 | Sewer    | Killed a crocodile
  2464 | Sewer    | Reached XP level 6. HP: 48/48 MP: 6/6
  2745 | D:4      | Found a shimmering blue altar of Sif Muna.
  2779 | D:4      | Found a sacrificial altar of Ru.
  3053 | D:4      | Reached XP level 7. HP: 55/55 MP: 7/7
  3069 | Temple   | Entered the Ecumenical Temple
  3089 | Temple   | Became a worshipper of the Wu Jian Council
  3496 | D:2      | Killed Sigmund
  3497 | D:2      | Reached skill level 5 in Fighting
  3497 | D:2      | Reached skill level 6 in Shapeshifting
  3749 | D:2      | Killed Crazy Yiuf
  3811 | D:5      | Entered Level 5 of the Dungeon
  4130 | D:5      | Reached XP level 8. HP: 64/64 MP: 8/8
  4144 | D:5      | Reached skill level 7 in Shapeshifting
  4562 | D:5      | Noticed Pikel
  4574 | D:5      | Killed Pikel
  4575 | D:5      | Reached skill level 8 in Shapeshifting
  4817 | D:5      | Reached * piety under Wu Jian
  5083 | D:6      | Found a basalt altar of Yredelemnul.
  5083 | D:6      | Found an iron altar of Okawaru.
  5084 | D:6      | Found an opulent altar of Gozag.
  5090 | D:6      | Reached XP level 9. HP: 71/72 MP: 9/9
  5151 | D:6      | Found a hide-covered altar of Uskayaw.
  5447 | D:6      | Noticed Duvessa
  5453 | D:6      | Killed Duvessa
  5461 | D:6      | Noticed Dowan
  5468 | D:6      | Killed Dowan
  5469 | D:6      | Reached skill level 9 in Shapeshifting
  5787 | D:7      | Identified the ring "Janecink" {rPois rC- rCorr EV+5
                  | Stlth+}
  5872 | D:7      | Found a blossoming altar of Fedhas.
  5975 | D:7      | Reached ** piety under Wu Jian
  6380 | D:7      | Identified the +9 whip "Eweix" {heavy, rC+ Dex+2}
  6606 | D:8      | Found a staircase to the Lair.
  6802 | D:8      | Found a runed translucent door.
  6805 | D:8      | Noticed a deep elf pyromancer
  6807 | D:8      | Noticed ytrimaz's ghost (novice OpSh)
  6808 | D:8      | Found the +2 hat of the Bear Spirit {Spirit, Bear, *Rage
                  | Will++}
  6843 | D:8      | Noticed a two-headed ogre
  6849 | D:8      | Killed a two-headed ogre
  6850 | D:8      | Reached skill level 10 in Shapeshifting
  6850 | D:8      | Reached XP level 10. HP: 83/83 MP: 10/10
  6917 | D:8      | Reached *** piety under Wu Jian
  7329 | D:9      | Reached skill level 10 in Unarmed Combat
  7408 | D:9      | Found a staircase to the Orcish Mines.
  7409 | D:9      | Found Topaq's Armour Emporium.
  7409 | D:9      | Noticed a two-headed ogre
  7423 | D:9      | Killed a two-headed ogre
  7429 | D:9      | Reached skill level 11 in Shapeshifting
  7670 | D:9      | Reached skill level 10 in Fighting
  7967 | D:9      | Noticed a two-headed ogre
  7972 | D:9      | Killed a two-headed ogre
  7974 | D:9      | Reached XP level 11. HP: 83/92 MP: 11/11
  8365 | Lair:1   | Entered Level 1 of the Lair of Beasts
  8400 | Lair:1   | Noticed a boulder beetle
  8420 | Lair:1   | Killed a boulder beetle
  8421 | Lair:1   | Reached skill level 12 in Shapeshifting
  8703 | Lair:1   | HP: 1/93 [wolf (7)]
  8704 | Lair:1   | Demolished by a cane toad

Illustrated notes

Levels and vault maps discovered:
D:1:      minmay_arrival_checkered_box, layout_basic, serial_shops,
          nicolae_shop_advertising_works [nicolae_subvault_shop_adworks], shop,
          nicolae_shop_window_shopping, shop, shop, chequers_mini_garden,
          minmay_tetromino_l4
D:2:      minmay_recursive_quarters, layout_loops_ring, supply_closet_lemuel,
          uniq_crazy_yiuf_cottage, uniq_sigmund
D:3:      layout_rooms, zin_purify
D:4:      layout_gridville, amcnicky_altar_gilded, kennysheep_little_box,
          minmay_temple_entry_statues_fountains, lightli_sewer_entry_pipes,
          kennysheep_generic_room_9
D:5:      layout_loops_ring, uniq_pikel
D:6:      layout_basic, nicolae_overflow_quartered_altars, uniq_duvessa
D:7:      layout_gridville, mainiacjoe_overflow_tiny_flanked
D:8:      layout_loops_cross, lair_entry_dummy, ebering_ghost_inner_flame
D:9:      layout_loops_ring, orc_david_3
Temple:   nicolae_temple_god_jail
Lair:1:   layout_regular_city, basic_altar, nzn_sisyphean_effort

Skill      XL: |  1  2  3  4  5  6  7  8  9 10 11 |
---------------+----------------------------------+-----
Fighting       | 2 3 4 5 7 9 10 11 | 11.0
Unarmed Combat | 4 5 6 7 9 11 | 11.3
Shapeshifting  | 5 6 8 10 11 12 | 12.1
Dodging        | |  2.6

Action                     |  1- 3 |  4- 6 |  7- 9 | 10-12 || total
---------------------------+-------+-------+-------+-------++-------
  Melee: Unarmed           |   107 |   109 |   332 |   126 ||   674
         Punch             |     2 |     2 |     4 |     9 ||    17
         Maw               |       |       |     2 |    56 ||    58
Ability: Lunge             |       |       |    27 |    14 ||    41
  Evoke: Wand              |       |     3 |       |       ||     3
    Use: Potion            |       |     1 |     1 |     2 ||     4
         Scroll            |       |     5 |    10 |     3 ||    18
   Stab: Sleeping          |     2 |     6 |     2 |     1 ||    11
 Armour: Animal skin       |    62 |    53 |    81 |       ||   196
         Skin              |       |       |    71 |    79 ||   150
  Dodge: Dodged            |    61 |    52 |   232 |    59 ||   404
   Form: Flux              |       |       |     1 |       ||     1
         Maw               |       |       |     1 |     1 ||     2
                           |       |       |       |     1 ||     1

Table legend: (Time is in decaauts)
 A = Elapsed time spent in this place.
 B = Non-inter-level travel time spent in this place.
 C = Inter-level travel time spent in this place.
 D = Time resting spent in this place.
 E = Time spent auto-exploring this place.
 F = Levels seen in this place.
 G = Mean time per level.
                   A        B        C        D        E       F      G
               +--------+--------+--------+--------+--------+-----+--------+
         Total |   8593 |   8236 |    357 |    387 |   6409 |  12 |  716.1 |
       Dungeon |   8034 |   7694 |    340 |    387 |   5983 |   9 |  892.7 |
        Temple |     38 |     21 |     17 |      0 |      0 |   1 |   38.0 |
          Lair |    333 |    333 |      0 |      0 |    282 |   1 |  333.0 |
         Sewer |    186 |    186 |      0 |      0 |    144 |   1 |  186.0 |
               +--------+--------+--------+--------+--------+-----+--------+

Top non-repeatable levels by time:
     D:5: 1225 daAuts
     D:2: 1181 daAuts
     D:9: 1013 daAuts
     D:1: 943 daAuts
     D:8: 890 daAuts
     D:4: 835 daAuts
     D:6: 690 daAuts
     D:7: 684 daAuts
     D:3: 571 daAuts
  Lair:1: 333 daAuts
   Sewer: 186 daAuts
  Temple: 38 daAuts
